AoeStats
← M1NT

Arabia

510901994Analyzed
1v1 RM · 21h ago on Oct 3, 2026· 37m 3s· 2 players
Game mode
Random Map
Map size
Tiny (2 player)
Population
200
Speed
Normal
Resources
Standard
Victory
Conquest
Starting age
Dark Age
Ending age
Imperial Age
RankedLock teamsTeams togetherTeam positionsShared explorationLock speedFull tech treeHidden civsTurbo modeCheats
Victory
Defeat
🇦🇷 Burgundians · Argentina
1251
+17
🇺🇸 Georgians · United States
1262
-17
M1NT
6:59 Double-Bit Axe
7:48 Loom
10:17 Feudal Age
10:16 Horse Collar
11:18 Bow Saw
16:26 Gold Mining
17:04 Scale Barding Armor
20:23 Castle Age
19:00 Scale Barding Armor
20:03 Forging
20:25 Heavy Plow
21:11 Husbandry
21:09 Cavalier
23:35 Two-Man Saw
24:44 Chain Barding Armor
26:42 Wheelbarrow
27:12 Iron Casting
26:36 Town Watch
31:25 Light Cavalry
32:32 Devotion
33:25 Gold Shaft Mining
35:33 Hand Cart
39:01 Imperial Age
36:58 Fletching
[MOO] eldoomba
6:45 Loom
9:18 Feudal Age
11:28 Feudal Age
12:04 Double-Bit Axe
11:45 Man-at-Arms
12:50 Gold Mining
14:47 Horse Collar
16:44 Fletching
20:31 Wheelbarrow
24:35 Castle Age
26:58 Bow Saw
29:24 Imperial Age
30:00 Bodkin Arrow
31:04 Theocracy
30:45 Block Printing
30:55 Sanctity
32:19 Chemistry
33:04 Fervor
34:11 Town Watch
35:18 Hand Cart
35:16 Bloodlines
35:07 Husbandry
34:33 Light Cavalry
35:45 Pikeman
Connection lost

Rejoining the realm…

Still unreachable

The connection could not be restored.

Session expired

The server has moved on; the page needs a fresh start.